 Dungeon Crawl Stone Soup version 0.28-a0-1387-g3a22ab9bdc (webtiles) character file.

Game seed: 71754891049083639

17 Deminshera the Charlatan (level 2, 22/22 HPs)
             Began as a Palentonga Artificer on Jan 2, 2022.
             Quit the game on level 1 of the Dungeon.
             The game lasted 00:01:20 (965 turns).

Deminshera the Charlatan (Palentonga Artificer)      Turns: 965, Time: 00:01:21

Health: 22/22      AC:  4    Str: 15    XL:     2   Next: 44%
Magic:  2/2        EV:  9    Int: 11    God:
Gold:   9          SH:  0    Dex: 10    Spells: 1/1 levels left

rFire   . . .      SeeInvis +   a - +0 club
rCold   . . .      Faith    .   (no shield)
rNeg    . . .      Spirit   .   b - +0 leather armour
rPois   .          Reflect  .   (no helmet)
rElec   .          Harm     .   (no cloak)
rCorr   .          Rampage  .   (no gloves)
Will    .....                   (no barding)
Stlth   +.........              (no amulet)
HPRegen 0.07/turn               (no ring)
MPRegen 0.08/turn               (no ring)

@: no status effects
A: large, rugged brown scales 3, see invisible, deformed body, roll 1, armoured
tail
a: Rolling Charge


You were on level 1 of the Dungeon.
You visited 1 branch of the dungeon, and saw 1 of its levels.

You collected 9 gold pieces.

Inventory:

Hand Weapons
 a - a +0 club (weapon)
Armour
 b - a +0 leather armour (worn)
Wands
 c - a wand of flame (15) (quivered)
 d - a wand of charming (15)
Scrolls
 f - a scroll of immolation {unknown}
Miscellaneous
 e - a piece from Xom's chessboard (15/15)


   Skills:
 + Level 1.3 Fighting
 + Level 1.8 Armour
 + Level 1.1 Dodging
 + Level 0.9 Stealth
 + Level 2.8 Evocations


You had one spell level left.
You didn't know any spells.
Your spell library was empty.

Dungeon Overview and Level Annotations

Branches:
Dungeon (1/15)

Altars:


Innate Abilities, Weirdness & Mutations

You are completely covered in rugged brown scales. (AC +3, +7% HP)
You have supernaturally acute eyesight. (SInv)
Armour fits poorly on your strangely shaped body.
You can roll at nearby foes to attack.
You have a long armoured tail.


Message History

Press: ? - help, Dir - move target, f - kobold
Aim: a kobold, wielding a +0 whip You roll forward with a clatter of scales!
You barely miss the kobold.
A bat comes into view.
The kobold hits you but does no damage. The kobold closely misses you.
You hit the kobold.
The kobold is moderately wounded.
The kobold hits you but does no damage.
You closely miss the kobold.
The kobold is moderately wounded.
The bat completely misses you. The kobold hits you with a +0 whip.
You hit the kobold.
You kill the kobold!
The bat closely misses you. The bat hits you but does no damage.
You barely miss the bat. The bat hits you but does no damage.
There's nothing you can charge at!
You hit the bat.
Your tail-slap misses the bat.
The bat is moderately wounded.
The bat hits you but does no damage.
You closely miss the bat.
The bat is moderately wounded.
The bat hits you but does no damage. The bat hits you but does no damage.
The bat barely misses you.
You closely miss the bat. You tail-slap the bat.
You kill the bat!
No target in view!
Things that are here:
a +0 whip; a kobold corpse No target in view!
A goblin comes into view. It is wielding a +0 club.
The goblin shouts!
No reachable target in view!
A goblin is nearby!
No reachable target in view!
A goblin is nearby!
No reachable target in view!
Are you sure you want to abandon this character and quit the game? (Confirm with "yes".)

#..# ...#
....P≈gP.
...#
#..≈≈≈≈≈.
...####+###.
#..P≈≈≈≈..
...#........#
#..PP≈≈≈≈..
...#........#
##...≈≈≈≈≈..
...#.........
....≈≈≈≈≈..
...#.......#
#..≈≈≈≈≈...
...#.......#
#@.≈P≈≈P≈..
#..#.......#
#..≈≈≈≈≈...
#..'.......#
#..≈.≈≈≈≈..
#.##.......#
##).≈≈≈≈...
#........###
#..≈P≈≈≈..
########.#
#.≈.≈≈≈#..
#.# #.≈#≈≈≈#
#.# #..#≈≈≈#
#.# #..##≈≈#


You could see a goblin.

Vanquished Creatures
  4 bats (D:1)
  2 goblins (D:1)
  2 hobgoblins (D:1)
  3 kobolds (D:1)
  4 ball pythons (D:1)
  2 rats (D:1)
17 creatures vanquished.

Vanquished Creatures (others)
  2 plants (D:1)
2 creatures vanquished.

Grand Total: 19 creatures vanquished

Notes
Turn   | Place    | Note
-------+----------+-------------------------------------------
     0 | D:1      | Deminshera the Palentonga Artificer began the quest for the
                  | Orb.
     0 | D:1      | Reached XP level 1. HP: 16/16 MP: 1/1
   133 | D:1      | Reached skill level 1 in Dodging
   178 | D:1      | Reached XP level 2. HP: 12/22 MP: 2/2
   644 | D:1      | Found a faded altar of an unknown god.
   965 | D:1      | Quit the game

Illustrated notes

Levels and vault maps discovered:
D:1:      heliophobic_arrival_ceremonial_halls, layout_basic,
          shapermc_ecumenical_altar_hornbeckon, chequers_big_river,
          chequers_serial_rivers_large_a, due_unseen_surprise

Skill      XL: |  1 |
---------------+----+-----
Dodging        | 1 |  1.1
Fighting       | |  1.3
Armour         | |  1.8
Stealth        | |  0.9
Evocations     | |  2.8

Action                   || total
-------------------------++-------
Melee: Club              ||    61
       Tailslap          ||     6
 Abil: Rolling Charge    ||    10
Armor: Leather armour    ||    29
Dodge: Dodged            ||    31

Table legend: (Time is in decaauts)
 A = Elapsed time spent in this place.
 B = Non-inter-level travel time spent in this place.
 C = Inter-level travel time spent in this place.
 D = Time resting spent in this place.
 E = Time spent auto-exploring this place.
 F = Levels seen in this place.
 G = Mean time per level.
                   A        B        C        D        E       F      G
               +--------+--------+--------+--------+--------+-----+--------+
         Total |    995 |    995 |      0 |    433 |    424 |   1 |  995.0 |
       Dungeon |    995 |    995 |      0 |    433 |    424 |   1 |  995.0 |
               +--------+--------+--------+--------+--------+-----+--------+

Top non-repeatable levels by time:
     D:1: 995 daAuts
